 Dungeon Crawl Stone Soup version 0.26.1-11-gd32895ea62 (webtiles) character file.

Game seed: 7699047606258237961

92829 Arcadio the Grappler (level 15, -6/153 HPs)
             Began as a Troll Transmuter on May 26, 2021.
             Was the Champion of Qazlal.
             Killed from afar by Azrael (13 damage)
             ... with a bolt of fire
             ... on level 13 of the Dungeon on May 28, 2021.
             The game lasted 01:58:46 (25619 turns).

Arcadio the Grappler (Troll Transmuter)            Turns: 25619, Time: 01:58:46

Health: -6/153     AC: 18    Str: 22    XL:     15   Next: 59%
Magic:  12/18      EV: 14    Int: 20    God:    Qazlal [******]
Gold:   969        SH:  8    Dex: 15    Spells: 4/16 levels left

rFire    . . .     SeeInvis .     - Unarmed
rCold    + + .     Faith    .   (no shield)
rNeg     + . .     Spirit   .   j - +4 ice dragon scales
rPois    .         Reflect  .   h - +0 hat
rElec    .         Harm     .   v - +0 cloak
rCorr    .         Rampage  .   (gloves unavailable)
Will     +....                  (boots unavailable)
Stlth    ..........             f - amulet of regeneration
HPRegen  1.15/turn              r - +4 ring of slaying
MPRegen  0.16/turn              a - ring "Jotwywk" {*Corrode rN+ Int+6 Dex+5}

@: about to teleport, protected from fire, corroded, repel missiles
A: large, unfitting armour, claws 3, regeneration 1, shaggy fur 1, tough skin 3
a: Renounce Religion, Upheaval, Elemental Force, Disaster Area


You were on level 13 of the Dungeon.
You worshipped Qazlal.
Qazlal was exalted by your worship.
You visited 5 branches of the dungeon, and saw 24 of its levels.

You collected 2765 gold pieces.
You spent 1796 gold pieces at shops.

Inventory:

Hand Weapons
 z - a +1 mace of holy wrath
 P - a +2 great mace of holy wrath
 Q - a +7 dire flail of freezing
Missiles
 p - 6 atropa-tipped darts (quivered)
Armour
 h - a +0 hat (worn)
 j - +4 ice dragon scales (worn)
 v - a +0 cloak (worn)
 M - +0 acid dragon scales
Jewellery
 a - the ring "Jotwywk" (right claw) {*Corrode rN+ Int+6 Dex+5}
   (You bought it in a shop on level 2 of the Orcish Mines)

   [ring of intelligence]

   It affects your intelligence (+6).
   It affects your dexterity (+5).
   It protects you from negative energy.
   It may corrode you when you take damage.
 f - an amulet of regeneration (around neck)
 r - a +4 ring of slaying (left claw)
 x - an uncursed ring of ice
 H - an uncursed ring of willpower
 O - an uncursed ring of positive energy
Wands
 m - a wand of acid (19)
 t - a wand of iceblast (22)
 u - a wand of flame (1)
 w - a wand of paralysis (27)
 J - a wand of enslavement (23)
 K - a wand of digging (8)
Scrolls
 d - 5 scrolls of blinking
 e - 2 scrolls of fear
 i - a scroll of enchant weapon
 k - 6 scrolls of identify
 l - 10 scrolls of remove curse
 n - 3 scrolls of magic mapping
 s - 2 scrolls of fog
 y - 2 scrolls of summoning
 A - 2 scrolls of amnesia
 D - 2 scrolls of brand weapon
 E - 6 scrolls of teleportation
 I - 2 scrolls of immolation
 N - a scroll of silence
Potions
 b - 5 potions of attraction
 g - 4 potions of brilliance
 o - 3 potions of invisibility
 q - 4 potions of flight
 B - 3 potions of curing
 C - a potion of ambrosia
 F - 2 potions of haste
 G - a potion of magic
 R - a potion of mutation {unknown}
Miscellaneous
 L - a phantom mirror


   Skills:
 + Level 11.0 Fighting
 - Level 9.3 Armour
 + Level 11.1 Dodging
 + Level 11.6 Unarmed Combat
 - Level 1.2 Spellcasting
 - Level 9.0 Transmutations
 - Level 3.9 Ice Magic
 + Level 4.7 Poison Magic
 + Level 5.7 Invocations


You had 4 spell levels left.
You knew the following spells:

 Your Spells              Type           Power        Failure   Level
a - Beastly Appendage     Tmut           74%          1%          1
b - Wereblood             Tmut           37%          1%          2
c - Spider Form           Tmut/Pois      14%          9%          3
d - Blink                 Tloc           N/A          56%         2
e - Ice Form              Ice/Tmut       27%          32%         4

Your spell library contained the following spells:

 Spells                   Type           Power        Failure   Level
 Magic Dart               Conj           4%           43%         1
 Call Imp                 Summ           1%           56%         2
 Searing Ray              Conj           2%           56%         2
 Slow                     Hex            1%           56%         2
 Mephitic Cloud           Conj/Pois/Air  7%           58%         3
 Conjure Flame            Conj/Fire      1%           80%         3
 Dazzling Flash           Conj/Hex       2%           80%         3
 Fulminant Prism          Conj/Hex       0%           99%         4
 Iskenderun's Mystic Bla  Conj/Tloc      1%           99%         4
 Blade Hands              Tmut           18%          30%         5


Dungeon Overview and Level Annotations

Branches:
Dungeon (14/15)            Temple (1/1) D:6            Lair (6/6) D:11
 Shoals (0/4) Lair:4        Snake (0/4) Lair:2        Slime (0/5) Lair:6
    Orc (2/2) D:12            Elf (1/3) Orc:2        Vaults (0/5) D:13

Altars:
Ashenzari
Cheibriados
Dithmenos
Elyvilon
Fedhas
Gozag
Hepliaklqana
Kikubaaqudgha
Makhleb
Nemelex Xobeh
Okawaru
Qazlal
Ru
Sif Muna
Trog
Uskayaw
Vehumet
Xom
Yredelemnul
Zin
The Shining One
Beogh
Jiyva

Shops:
D:5 [   D:6 [*   D:7 ?   D:11 *   Orc:2 ?([=[

Annotations:
D:8 1 transporter, Gastronok; kalagan's ghost, novice DECj
D:10 2 transporters
D:13 Azrael


Innate Abilities, Weirdness & Mutations

You are too large for most types of armour.
You have claws for hands.
Your natural rate of healing is unusually fast.
You are covered in fur. (AC +1)
You have extremely tough skin. (AC +3)


Message History

A damnation appears from out of thin air!
The sphere of damnation explodes!
The damnation engulfs you!!
* * * LOW HITPOINT WARNING * * *
The damnation engulfs something.
Okay, then.
Okay, then.
Okay, then.
You feel much better. Something hits you but does no damage.
The sphere of damnation explodes!
The damnation engulfs you!
A damnation appears from out of thin air!
The sphere of damnation explodes!
The damnation engulfs you!!!
* * * LOW HITPOINT WARNING * * *
You feel much better.
As you read the scroll of teleportation, it crumbles to dust.
You feel strangely unstable.
The sphere of damnation explodes!
The damnation engulfs you!!
* * * LOW HITPOINT WARNING * * *
A bolt of fire appears from out of thin air!
The bolt of fire hits you!
You die...

###########################
#..........................
#........○@#####...........
#..........# #...........
#..####.○..# #...........
#..####...{# #..[........
#.......°.○#####†..........
#..........°○○.....).[.....
#.......#########...>......
#.......#.......#..........
#.......#.......+..........


There were no monsters in sight!

Vanquished Creatures
  Rupert (D:13)
  Erolcha (D:10)
  Josephine (Lair:4)
  2 boulder beetles
  4 vault guards (D:13)
  A merfolk avatar (Lair:6)
  10 hydras
  A centaur warrior (D:13)
  Erica (Orc:1)
  6 two-headed ogres
  5 death yaks (Lair:4)
  A tengu warrior (D:13)
  4 orc high priests (Orc:2)
  The ghost of Fortitude43 the Fighter, a novice HOCK of Xom (D:7)
  A sea snake (Lair:6)
  An orc knight (Orc:1)
  A harpy (Lair:6)
  4 ugly things
  2 manticores
  2 orc sorcerers
  5 cyclopes
  4 black mambas
  25 elephants
  Joseph (D:8)
  3 centaur skeletons (D:12)
  A gargoyle (D:13)
  An efreet (D:13)
  2 torpor snails (Lair:2)
  15 cane toads
  16 komodo dragons
  6 rime drakes
  5 trolls
  5 polar bears
  2 wind drakes (Lair:6)
  Prince Ribbit (D:7)
  5 hornets
  A harpy skeleton (D:13)
  7 dream sheep (Lair:5)
  14 blink frogs
  A meliai zombie (D:13)
  A snapping turtle (Lair:4)
  6 wraiths
  11 wyverns
  8 basilisks
  77 yaks
  2 fire elementals (D:13)
  2 soldier ants (D:11)
  Edmund (D:4)
  3 wargs (Orc:2)
  An acid dragon (D:12)
  30 water moccasins
  2 hell hounds
  20 orc warriors
  2 black bears (Lair:3)
  2 phantoms
  A hornet zombie (D:8)
  3 ice beasts
  3 sky beasts
  9 ogres
  A necrophage (D:11)
  7 centaurs
  13 wolves
  5 big kobolds
  17 bullfrogs
  A wyvern zombie (D:13)
  A wyvern skeleton (D:12)
  2 scorpions
  A water moccasin skeleton (D:10)
  9 killer bees
  9 wights
  5 howler monkeys
  7 jellies
  8 hounds
  40 orc priests
  20 orc wizards
  5 iguanas
  5 hell rats
  6 worker ants
  2 killer bee zombies
  A hound skeleton (D:5)
  3 worker ant zombies
  6 gnolls
  A howler monkey skeleton (D:11)
  19 adders
  2 white imps
  2 ufetubi
  An ooze (D:2)
  2 adder skeletons
  3 worms
  3 dart slugs
  4 leopard geckos
  88 orcs
  12 bats
  5 giant cockroaches
  7 goblins
  5 hobgoblins
  8 jackals
  22 kobolds
  5 quokkas
  4 ball pythons
  6 frilled lizards
  A jackal zombie (D:8)
  A leopard gecko zombie (D:5)
  A quokka skeleton (D:4)
  7 rats
  5 butterflies (Lair:1)
742 creatures vanquished.

Vanquished Creatures (others)
  An elephant (Lair:6)
  45 fungi
  79 plants
  2 withered plants (D:7)
127 creatures vanquished.

Grand Total: 869 creatures vanquished

Notes
Turn   | Place    | Note
-------+----------+-------------------------------------------
     0 | D:1      | Arcadio the Troll Transmuter began the quest for the Orb.
     0 | D:1      | Reached XP level 1. HP: 18/18 MP: 1/1
   202 | D:1      | Reached skill level 1 in Fighting
   230 | D:1      | Reached XP level 2. HP: 27/27 MP: 0/2
   610 | D:2      | Reached XP level 3. HP: 33/33 MP: 3/3
   780 | D:2      | Found an ancient bone altar of Kikubaaqudgha.
   858 | D:2      | Reached XP level 4. HP: 37/42 MP: 4/4
   974 | D:2      | Learned a level 2 spell: Wereblood
  1333 | D:3      | Noticed an ice beast
  1526 | D:3      | Reached XP level 5. HP: 49/49 MP: 3/5
  1753 | D:3      | Found a faded altar of an unknown god.
  2112 | D:3      | Learned a level 3 spell: Spider Form
  2151 | D:3      | Found a shimmering blue altar of Sif Muna.
  2152 | D:3      | Found a bloodstained altar of Trog.
  2152 | D:3      | Found a broken altar of Ashenzari.
  2687 | D:3      | Killed an ice beast
  2688 | D:3      | Reached skill level 1 in Armour
  2688 | D:3      | Reached XP level 6. HP: 56/59 MP: 6/6
  3072 | D:4      | Found a basalt altar of Yredelemnul.
  3276 | D:4      | Found a blossoming altar of Fedhas.
  3294 | D:4      | Noticed Edmund
  3308 | D:4      | Killed Edmund
  3309 | D:4      | Reached XP level 7. HP: 44/67 MP: 5/7
  3614 | D:5      | Entered Level 5 of the Dungeon
  3730 | D:5      | Found a burning altar of Makhleb.
  4151 | D:5      | Found Jaesist's Antique Armour Emporium.
  4539 | D:5      | HP: 3/68 [killer bee (3)]
  4558 | D:5      | Reached XP level 8. HP: 34/78 MP: 6/8
  5086 | D:6      | Found Vaceedghy's Assorted Antiques.
  5277 | D:6      | Found a staircase to the Ecumenical Temple.
  5319 | Temple   | Entered the Ecumenical Temple
  5335 | Temple   | Became a worshipper of Qazlal Stormbringer
  5452 | D:6      | Found Ufiehink's Armour Emporium.
  5603 | D:6      | Learned a level 2 spell: Blink
  5806 | D:6      | Bought a potion of curing for 84 gold pieces
  6329 | D:7      | Reached skill level 5 in Dodging
  6561 | D:7      | Found Qeopho's Magic Scroll Emporium.
  6567 | D:7      | Bought a scroll of teleportation for 42 gold pieces
  6567 | D:7      | Bought a scroll of blinking for 105 gold pieces
  6577 | D:7      | Noticed Prince Ribbit
  6587 | D:7      | Killed Prince Ribbit
  6588 | D:7      | Reached skill level 5 in Fighting
  6588 | D:7      | Reached XP level 9. HP: 75/88 MP: 7/9
  6625 | D:7      | Found a runed translucent door.
  6627 | D:7      | Noticed Fortitude43's ghost (novice HOCK)
  6775 | D:7      | Killed Fortitude43's ghost
  6776 | D:7      | Reached skill level 5 in Transmutations
  6970 | D:8      | Reached * piety under Qazlal
  7001 | D:8      | Noticed Joseph
  7015 | D:8      | Killed Joseph
  7016 | D:8      | Reached skill level 5 in Armour
  7124 | D:8      | Found a transporter.
  7147 | D:8      | Identified the +12 great mace of Cruel Justice {antimagic,
                  | +Inv rC+}
  7147 | D:8      | Noticed a two-headed ogre
  7148 | D:8      | Found a bloodstained altar of Trog.
  7148 | D:8      | Noticed kalagan's ghost (novice DECj)
  7150 | D:8      | Noticed a moth of wrath
  7166 | D:8      | Identified the +8 trident of the Witching Mosquito
                  | {antimagic, +Blink SInv}
  7236 | D:8      | Noticed a two-headed ogre
  7244 | D:8      | Killed a two-headed ogre
  7245 | D:8      | Reached XP level 10. HP: 47/98 MP: 8/10
  7748 | D:8      | Noticed Gastronok
  7865 | D:9      | Found a snail-covered altar of Cheibriados.
  8496 | D:10     | Entered Level 10 of the Dungeon
  8862 | D:10     | Noticed Erolcha
  8936 | D:10     | Reached ** piety under Qazlal
  8950 | D:10     | Noticed a cyclops
  8970 | D:10     | Killed a cyclops
  9059 | D:10     | Found a transporter.
  9063 | D:10     | Found a transporter.
  9063 | D:10     | Noticed an ogre mage
  9063 | D:10     | Noticed a two-headed ogre
  9077 | D:10     | Killed a two-headed ogre
  9078 | D:10     | Reached skill level 5 in Unarmed Combat
  9366 | D:10     | Noticed an ogre mage
  9410 | D:10     | Paralysed by Erolcha for 5 turns
  9418 | D:10     | Killed Erolcha
  9485 | D:10     | Reached XP level 11. HP: 86/107 MP: 11/11
  9612 | D:10     | Learned a level 4 spell: Ice Form
  9768 | D:10     | Found a roughly hewn altar of Beogh.
 10153 | D:11     | Found Minutwan's General Store.
 10161 | D:11     | Bought a scroll of silence for 90 gold pieces
 10324 | D:11     | Found a staircase to the Lair.
 10340 | D:11     | Reached *** piety under Qazlal
 10454 | D:11     | Noticed a boulder beetle
 10505 | D:11     | Killed a boulder beetle
 11267 | Lair:1   | Entered Level 1 of the Lair of Beasts
 13398 | Lair:1   | Reached XP level 12. HP: 117/119 MP: 12/12
 14400 | Lair:2   | Noticed a six-headed hydra
 14410 | Lair:2   | Killed a six-headed hydra
 14450 | Lair:2   | Reached **** piety under Qazlal
 14724 | Lair:2   | Found a staircase to the Snake Pit.
 14739 | Lair:2   | Reached skill level 1 in Ice Magic
 15182 | Lair:2   | Found an ancient bone altar of Kikubaaqudgha.
 15702 | Lair:3   | Reached XP level 13. HP: 78/130 MP: 10/13
 16159 | Lair:3   | Got a dazzling short sword
 16164 | Lair:3   | Identified the +7 short sword of the Three Priests {speed,
                  | Dex+2} (You found it on level 3 of the Lair of Beasts)
 16603 | Lair:3   | Reached ***** piety under Qazlal
 17268 | Lair:3   | Got a creamy pearl robe
 17286 | Lair:3   | Identified the +4 robe "Epeacud" {rElec rF- Str+6 Int+2}
                  | (You found it on level 3 of the Lair of Beasts)
 17724 | Lair:4   | Noticed Josephine
 17742 | Lair:4   | Killed Josephine
 18220 | Lair:4   | You fall into a shaft and drop 1 floor!
 18665 | Lair:4   | Found a staircase to the Shoals.
 18782 | Lair:4   | Reached XP level 14. HP: 133/141 MP: 14/14
 19202 | Lair:5   | Reached skill level 10 in Unarmed Combat
 19202 | Lair:5   | Reached skill level 1 in Invocations
 19747 | Lair:6   | Entered Level 6 of the Lair of Beasts
 19829 | Lair:5   | Reached skill level 1 in Poison Magic
 20298 | Lair:5   | Reached skill level 10 in Dodging
 20383 | Lair:6   | Reached skill level 10 in Fighting
 21931 | Lair:6   | Identified a scroll of acquirement
 21935 | Lair:6   | Acquired 847 gold pieces
 22177 | Lair:6   | Found a viscous altar of Jiyva.
 22177 | Lair:6   | Found a staircase to the Slime Pits.
 22691 | D:12     | Found a staircase to the Orcish Mines.
 22720 | D:12     | Found a roughly hewn altar of Beogh.
 22742 | Orc:1    | Entered Level 1 of the Orcish Mines
 22749 | Orc:1    | You fall into a shaft and drop 1 floor!
 22749 | Orc:2    | Entered Level 2 of the Orcish Mines
 22783 | Orc:2    | Reached ****** piety under Qazlal
 22846 | Orc:2    | Found a staircase to the Elven Halls.
 22908 | Orc:2    | Reached XP level 15. HP: 140/152 MP: 8/17
 22966 | Orc:2    | Found Ithehin's Antique Weapon Shoppe.
 22966 | Orc:2    | Found Yvacus's Antique Armour Emporium.
 22966 | Orc:2    | Found Paoghexo's Armour Shoppe.
 23005 | Orc:2    | Found Plog's Jewellery Emporium.
 23134 | Orc:2    | Bought the ring "Jotwywk" {*Corrode rN+ Int+6 Dex+5} for
                  | 895 gold pieces
 23136 | Orc:2    | Bought an uncursed amulet of regeneration for 360 gold
                  | pieces
 23216 | Orc:2    | Found Celor's Magic Scroll Boutique.
 23220 | Orc:2    | Bought a scroll of summoning for 95 gold pieces
 23220 | Orc:2    | Bought a scroll of summoning for 95 gold pieces
 23220 | Orc:2    | Bought a scroll of teleportation for 30 gold pieces
 23281 | Elf:1    | Entered Level 1 of the Elven Halls
 23578 | Orc:1    | Noticed Erica
 23605 | Orc:1    | Killed Erica
 24056 | D:12     | You fall into a shaft and drop 1 floor!
 24589 | D:13     | Reached skill level 5 in Invocations
 24611 | D:13     | Noticed Rupert
 24629 | D:13     | Killed Rupert
 25293 | D:13     | Found a gate to the Vaults.
 25586 | D:14     | Noticed Azrael
 25618 | D:13     | HP: 6/153 [something/damnation (25)]
 25619 | D:13     | Killed from afar by Azrael

Illustrated notes

Levels and vault maps discovered:
D:1:      dpeg_arrival_circle_labyrinth_a, layout_rooms
D:2:      layout_loops_ring, overflow_temple_1_default, solitary_fountain,
          amcnicky_mini_corridor_feature, grunt_decor_cap,
          minmay_misc_feat_enclosed
D:3:      layout_basic, chequers_temple_overflow_statue_of_worship,
          gup_sewer_entry_bowl, chequers_ecumenical_altar_simple_redux,
          minmay_puff
D:4:      layout_cave_pools, kennysheep_mini_moat, lemuel_doored_altar,
          uniq_edmund
D:5:      layout_basic, lemuel_coloured_pillars_altar, serial_curves,
          eino_curves_01, eino_curves_03, eino_curves_01, eino_curves_03,
          serial_shops, nicolae_shop_statue_plus
D:6:      layout_loops_corners, temple_pool_b, serial_shops,
          nicolae_shop_waterfront, shop
D:7:      layout_basic, serial_shops, nicolae_shop_crystal,
          gammafunk_ghost_grave, uniq_prince_ribbit1
D:8:      layout_loops_ring, gammafunk_ghost_wrathful_warriors,
          makhleb_altar_promises_db, uniq_joseph, uniq_gastronok
D:9:      layout_basic, nzn_wu_jian_contemplation, lemuel_crystal_altar
D:10:     gammafunk_beogh_shrine, layout_gridville, uniq_erolcha
D:11:     layout_loops_ring, david_lair_generic, serial_shops, shop
D:12:     layout_cross, minmay_orc_entry_temple_small, minmay_diced_spiral
D:13:     layout_stronghold, lightli_vaults_fourway_checkpoint, uniq_rupert
D:14:     layout_rooms, serial_park_paths [serial_park_minivault_5x5_6],
          uniq_azrael
Temple:   dshaligram_water_room_temple
Lair:1:   layout_regular_city, beast_lair_carwin_3, lemuel_fruit_fields
Lair:2:   layout_cave_pods, minmay_snake_entry_six_corridors, basic_altar
Lair:3:   cheibrodos_lair_overgrown_chateau, layout_small_grid,
          lemuel_fruit_tree
Lair:4:   layout_regular_city, minmay_shoals_entry_hut, enter_volcano_4,
          uniq_josephine
Lair:5:   layout_misc_corridors, grunt_megastairs_4
Lair:6:   gammafunk_lair_ancient_temple, layout_cave_pods,
          dpeg_slime_entry_enclosed_altar, chequers_serial_rivers_small_3
Orc:1:    layout_caves, uniq_erica, uniq_fannar
Orc:2:    st_orc_mages, layout_caves, serial_shops, nicolae_shop_behind_doors
Elf:1:    elf_arrival_002, layout_loops_cross, basic_altar, serial_shops, shop,
          hangedman_elf_disciples, minmay_shop_mayhem, solitary_fountain

Skill      XL: |  1  2  3  4  5  6  7  8  9 10 11 12 13 14 15 |
---------------+----------------------------------------------+-----
Fighting       | 1 2 3 5 6 7 8 9 10 11 | 11.0
Dodging        | 2 3 4 5 6 7 8 9 10 11 | 11.1
Transmutations | 2 3 4 5 6 7 8 9 |  9.0
Armour         | 1 2 3 4 5 6 7 8 9 |  9.3
Unarmed Combat | 4 5 7 8 9 11 | 11.6
Ice Magic      | 1 3 |  3.9
Invocations    | 4 5 |  5.7
Poison Magic   | 3 4 |  4.7
Spellcasting   | |  1.2

Action                   |  1- 3 |  4- 6 |  7- 9 | 10-12 | 13-15 || total
-------------------------+-------+-------+-------+-------+-------++-------
Melee: Unarmed           |    60 |   175 |   247 |   581 |   943 ||  2006
       Kick              |     8 |    18 |    44 |   131 |   275 ||   476
       Headbutt          |     5 |    10 |    22 |    84 |   147 ||   268
       Punch             |       |     2 |     8 |    18 |    53 ||    81
       Dire flail        |       |       |       |     4 |    45 ||    49
 Cast: Beastly Appendage |    14 |    16 |    25 |    51 |    71 ||   177
       Wereblood         |       |       |     1 |     8 |    18 ||    27
Invok: Upheaval          |       |       |       |     5 |     2 ||     7
       Disaster Area     |       |       |       |       |     5 ||     5
       Elemental Force   |       |       |       |       |     1 ||     1
Evoke: Wand              |       |     3 |     3 |     8 |     5 ||    19
  Use: Scroll            |     4 |     9 |     1 |    10 |    13 ||    37
       Potion            |       |       |     4 |    10 |     4 ||    18
Armor: Robe              |    23 |     2 |       |       |       ||    25
       Ice dragon scales |       |   125 |   178 |   339 |   560 ||  1202
       Skin              |       |       |       |       |    10 ||    10
Dodge: Dodged            |    34 |    74 |    99 |   316 |   533 ||  1056
       Repelled          |       |       |       |       |    10 ||    10
Block: Other             |       |       |     1 |    97 |   339 ||   437
